 Dungeon Crawl Stone Soup version 0.30.1-9-gdf580d7c3d (webtiles) character file.

Game seed: 225734922433576627

103974 BillyBaka the Severer (level 15, -2/141 (144) HPs)
             Began as a Minotaur Fighter on Sept 28, 2023.
             Was a High Priest of Okawaru.
             Slain by a torpor snail (9 damage)
             ... on level 2 of the Spider Nest on Sept 29, 2023.
             The game lasted 01:48:05 (26815 turns).

BillyBaka the Severer (Minotaur Fighter)           Turns: 26815, Time: 01:48:06

HP:   -2/141 (144)  AC: 20    Str: 28    XL:     15   Next: 90%
MP:   22/22         EV: 11    Int:  5    God:    Okawaru [*****.]
Gold: 1650          SH:  0    Dex: 13    Spells: 14/14 levels left

rFire   + . .        G - +8 broad axe (flame)
rCold   . . .        d - +4 kite shield {rPois}
rNeg    . . .        F - +0 chain mail {rC+}
rPois   +            s - +0 hat "Pedorph" {Rampage rElec Dex+3}
rElec   +            v - +2 cloak
rCorr   .            R - +1 pair of gloves "Runtek" {+Blink rElec rC- Stlth+}
SInv    +            K - +1 pair of boots {Fly}
Will    +....        H - amulet of reflection Stlth
                     N - ring of see invisible
HPRegen 0.43/turn    S - ring of protection from fire
MPRegen 0.18/turn

%: reflection, rampage
@: confused, flying, slowed, lightly drained, very slow
A: horns 2, retaliatory headbutt
a: Renounce Religion, Evoke Blink, Heroism, Finesse, Duel


You were on level 2 of the Spider Nest.
You worshipped Okawaru.
Okawaru was extremely pleased with you.
You visited 5 branches of the dungeon, and saw 23 of its levels.
You also visited: Volcano.

You collected 2715 gold pieces.
You spent 1065 gold pieces at shops.

Inventory:

Hand Weapons
 G - a +8 broad axe of flaming (weapon)
Missiles
 x - 4 javelins
 y - 3 curare-tipped darts
 T - 3 datura-tipped darts (quivered)
Armour
 c - a +0 robe of resistance
 d - a +4 kite shield of poison resistance (worn)
 g - a +1 robe of willpower
 s - the +0 hat "Pedorph" (worn) {Rampage rElec Dex+3}
   (Okawaru gifted it to you on level 1 of the Spider Nest)

   Dex:       It affects your dexterity (+3).
   rElec:     It insulates you from electricity.
   Rampage:   It bestows one free step when moving towards enemies.
 v - a +2 cloak (worn)
 F - a +0 chain mail of cold resistance (worn)
 K - a +1 pair of boots of flying (worn)
 O - +0 fire dragon scales
 R - the +1 pair of gloves "Runtek" (worn) {+Blink rElec rC- Stlth+}
   (Okawaru gifted it to you on level 2 of the Orcish Mines)

   rC:        It makes you vulnerable to cold.
   rElec:     It insulates you from electricity.
   +Blink:    It lets you blink.
   Stlth:     It makes you more stealthy.
Jewellery
 o - an amulet of faith
 H - an amulet of reflection (around neck)
 N - a ring of see invisible (left hand)
 S - a ring of protection from fire (right hand)
Wands
 a - a wand of mindburst (27)
 h - a wand of quicksilver (3)
 B - a wand of paralysis (22)
 D - a wand of polymorph (16)
 J - a wand of digging (8)
 M - a wand of roots (17)
Scrolls
 j - 3 scrolls of magic mapping
 l - 7 scrolls of teleportation
 n - 2 scrolls of fear
 p - 5 scrolls of immolation
 r - 2 scrolls of blinking
 t - 3 scrolls of fog
 u - 3 scrolls of torment
 C - a scroll of amnesia
 E - 4 scrolls of poison
Potions
 e - 3 potions of lignification
 f - a potion of ambrosia {unknown}
 i - 3 potions of berserk rage
 k - a potion of invisibility {unknown}
 m - 3 potions of heal wounds
 q - 4 potions of resistance
 w - 2 potions of haste
 z - a potion of flight {unknown}
 A - 6 potions of mutation
 I - 3 potions of cancellation {unknown}
 L - 9 potions of curing
 Q - a potion of brilliance
 U - a potion of might
Miscellaneous
 b - a lightning rod (4/4)
 P - a tin of tremorstones (2/2)


   Skills:
 + Level 16.0 Fighting
 - Level 19.4 Axes
 + Level 8.4 Throwing
 + Level 10.6 Armour
 + Level 6.4 Dodging
 + Level 11.2 Shields
 + Level 11.3 Invocations
 + Level 5.3 Evocations


You had 14 spell levels left.
You didn't know any spells.
Your spell library contained the following spells:

 Spells                   Type           Power      Damage    Failure   Level
 Beastly Appendage        Tmut           0%         N/A       96%         1
 Kiss of Death            Conj/Necr      0%         2d5       96%         1
 Magic Dart               Conj           0%         1d3       96%         1
 Necrotise                Necr           0%         1d4       96%         1
 Sandblast                Erth           0%         2d4       96%         1
 Blink                    Tloc           0%         N/A       99%         2
 Ensorcelled Hibernation  Hex/Ice        0%         N/A       99%         2
 Passwall                 Tmut/Erth      0%         N/A       99%         2
 Wereblood                Tmut           0%         N/A       99%         2
 Confusing Touch          Hex            0%         N/A       100%        3
 Frozen Ramparts          Ice            0%         1d1       100%        3
 Mephitic Cloud           Conj/Pois/Air  0%         N/A       100%        3
 Ozocubu's Armour         Ice            0%         N/A       100%        3
 Portal Projectile        Hex/Tloc       0%         N/A       100%        3
 Spider Form              Tmut/Pois      0%         N/A       100%        3
 Stone Arrow              Conj/Erth      0%         3d7       100%        3
 Swiftness                Air            0%         N/A       100%        3
 Vampiric Draining        Necr           0%         2d6       100%        3
 Dispel Undead            Necr           0%         3d6       100%        4
 Ice Form                 Ice/Tmut       0%         N/A       100%        4
 Leda's Liquefaction      Hex/Erth       0%         N/A       100%        4
 Manifold Assault         Tloc           0%         N/A       100%        4
 Agony                    Necr           0%         N/A       100%        5
 Alistair's Intoxication  Tmut/Pois      0%         N/A       100%        5
 Borgnjor's Vile Clutch   Necr/Erth      0%         N/A       100%        5
 Fireball                 Conj/Fire      0%         3d3       100%        5
 Iskenderun's Battlesphe  Conj           0%         2d6       100%        5
 Conjure Ball Lightning   Conj/Air       0%         3x3d6     100%        6
 Eringya's Noxious Bog    Tmut/Pois      0%         N/A       100%        6
 Orb of Destruction       Conj           0%         9d5       100%        7
 Ozocubu's Refrigeration  Ice            0%         4d7       100%        7
 Storm Form               Tmut/Air       0%         N/A       100%        7
 Summon Small Mammal      Summ           Unusable   N/A       N/A         1
 Call Imp                 Summ           Unusable   N/A       N/A         2
 Call Canine Familiar     Summ           Unusable   N/A       N/A         3
 Summon Guardian Golem    Hex/Summ       Unusable   N/A       N/A         3
 Summon Ice Beast         Ice/Summ       Unusable   N/A       N/A         4

Dungeon Overview and Level Annotations

Branches:
Dungeon (13/15)            Temple (1/1) D:4            Lair (5/5) D:8
  Swamp (0/4) Lair:3       Spider (2/4) Lair:2        Slime (0/5) Lair:5
    Orc (2/2) D:9             Elf (0/3) Orc:2       Volcano (visited)
 Vaults: D:13-14

Altars:
Ashenzari
Cheibriados
Elyvilon
Fedhas
Gozag
Hepliaklqana
Okawaru
Uskayaw
Xom
Yredelemnul
Jiyva

Shops:
D:3 [   Orc:1 !   Orc:2 *(=[


Innate Abilities, Weirdness & Mutations

You have a pair of horns on your head.
You reflexively headbutt those who attack you in melee.


Message History

The jumping spider leaps!
The redback simulacrum barely misses you.
The demonic crawler hits you! The demonic crawler closely misses you.
The demonic crawler barely misses you. The redback barely misses you.
The tarantella misses you.
Really quaff the potion of lignification? [Y]es or [N]o only, please.
Really quaff the potion of lignification?
Okay, then.
You are too confused!
You slash the demonic crawler! You burn the demonic crawler.
The demonic crawler is moderately wounded.
You slash the redback simulacrum!
You melt the redback simulacrum!
You hit the redback. You burn the redback. You miss the tarantella.
You hit the torpor snail. You burn the torpor snail.
The redback simulacrum bites you. The redback simulacrum freezes you!!
* * * LOW HITPOINT WARNING * * *
The redback bites you but does no damage.
The demonic crawler completely misses you.
The demonic crawler hits you!
* * * LOW HITPOINT WARNING * * *
The demonic crawler hits you but does no damage.
The tarantella touches you but does no damage.
The redback simulacrum misses you. The redback closely misses you.
The demonic crawler hits you!
* * * LOW HITPOINT WARNING * * *
The demonic crawler hits you but does no damage. x2
The tarantella touches you but does no damage.
You carve the redback like a ham!!! You burn the redback.
You kill the redback!
Okawaru accepts your kill.
You closely miss the tarantella. You slash the demonic crawler!
You burn the demonic crawler.
You hit the torpor snail but do no damage.
You slash the redback simulacrum!
You melt the redback simulacrum.
The redback simulacrum vaporises!
A freezing mist starts to gather...
A redback simulacrum comes into view.
The torpor snail bites you!
You die...

...............
^..............
...............
............$..
.........Z.....
#............^.
#....w.s...#
###...☼@s..#
......$.s.##
....##....# ...
##..## . #..#
##########..##
#####............#
.##..#^.##.........#
.......##..###....##
#


You could see a torpor snail (soul bound), a demonic crawler, a jumping spider
(soul bound), a tarantella (soul bound) and a redback simulacrum.

Vanquished Creatures
  Arachne (Spider:2)
  An emperor scorpion (Spider:2)
  3 ghost moths
  An orc warlord (Orc:2)
  A stone giant (Volcano)
  A spark wasp (Spider:1)
  A fire dragon (Lair:5)
  2 entropy weavers (Spider:2)
  A hydra (Lair:3)
  Erolcha (Orc:1)
  Erica (D:11)
  7 centaur warriors
  2 boulder beetles
  10 death yaks
  2 two-headed ogres
  4 orc high priests (Orc:2)
  A fire crab (Lair:5)
  A skyshark (Lair:3)
  4 pharaoh ants (Spider:2)
  The ghost of hawkwood the Fighter, a novice DgAr (D:6)
  2 orb spiders
  4 orc knights (Orc:2)
  2 wolf spiders (Spider:1)
  5 steelbarb worms
  2 oklob plants
  2 manticores
  4 ugly things
  4 cyclopes
  4 orc sorcerers (Orc:2)
  17 elephants
  7 black mambas
  3 demonic crawlers
  3 molten gargoyles (Lair:5)
  3 gargoyles
  5 torpor snails
  11 cane toads
  Maurice (D:8)
  Maggie (D:6)
  An efreet (Volcano)
  4 rime drakes
  14 komodo dragons
  6 polar bears
  2 hornets
  Prince Ribbit (D:6)
  10 trolls
  10 tarantellas
  Grinder (D:4)
  25 blink frogs
  5 dream sheep (Lair:5)
  4 jumping spiders
  6 culicivoras
  5 slime creatures (D:13)
  2 vampires
  53 yaks
  A fire elemental (Volcano)
  A wraith (D:10)
  A centaur simulacrum (D:10)
  2 shadows
  7 basilisks
  5 wyverns
  5 steam dragons
  A human (shapeshifter) (D:13)
  27 redbacks
  Menkaure (D:6)
  Edmund (D:6)
  2 vampire mosquitoes (D:11)
  6 wargs
  5 hell hounds
  20 water moccasins
  2 black bears
  29 orc warriors
  A sky beast (D:6)
  4 ice beasts (D:8)
  4 ogres
  11 centaurs
  16 wolves
  A phantom (D:4)
  4 kobold brigands
  2 gnoll sergeants
  A scorpion (D:5)
  8 bullfrogs
  2 earth elementals (Volcano)
  12 wights
  15 killer bees
  7 howler monkeys
  A bullfrog zombie (D:4)
  5 lava snakes (Lair:5)
  2 gnoll boudas
  5 hounds
  14 orc priests
  2 jellies
  A sleepcap (D:7)
  2 iguanas (D:4)
  21 orc wizards
  4 scorpion zombies (D:4)
  A howler monkey zombie (D:4)
  19 gnolls
  7 river rats (D:6)
  9 adders
  3 ufetubi
  3 adder zombies (D:4)
  An adder skeleton (D:4)
  A worm (D:5)
  4 dart slugs
  57 orcs
  6 ball pythons
  4 endoplasms
  6 giant cockroaches
  3 goblins
  6 hobgoblins
  2 jackals (D:4)
  2 quokkas (D:2)
  3 bats
  3 frilled lizards
  28 kobolds
  21 rats
725 creatures vanquished.

Vanquished Creatures (others)
  A redback (Spider:2)
  An ice beast (D:8)
2 creatures vanquished.

Grand Total: 727 creatures vanquished

Notes
Turn   | Place    | Note
-------+----------+-------------------------------------------
     0 | D:1      | BillyBaka the Minotaur Fighter began the quest for the Orb.
     0 | D:1      | Reached XP level 1. HP: 19/19 MP: 0/0
   113 | D:1      | Reached skill level 3 in Axes
   120 | D:1      | Reached XP level 2. HP: 22/27 MP: 1/1
   455 | D:1      | Found a faded altar of an unknown god.
   765 | D:2      | Reached XP level 3. HP: 33/33 MP: 2/2
  1178 | D:2      | Reached skill level 4 in Axes
  1260 | D:2      | Reached skill level 1 in Throwing
  1610 | D:3      | Identified the +1 leather armour of Zin's Pride {*Corrode
                  | rPois Will+ Dex+3}
  1654 | D:3      | Found Caajoc's Armour Boutique.
  1654 | D:3      | Noticed an animated pearl dragon scales
  1656 | D:3      | Noticed an animated plate armour
  1790 | D:3      | Reached XP level 4. HP: 41/41 MP: 3/3
  2206 | D:4      | Noticed a phantom
  2216 | D:4      | Killed a phantom
  2217 | D:4      | Reached skill level 5 in Axes
  2217 | D:4      | Reached XP level 5. HP: 47/47 MP: 4/4
  2318 | D:4      | Found a staircase to the Ecumenical Temple.
  2323 | D:4      | Reached skill level 5 in Fighting
  2340 | Temple   | Entered the Ecumenical Temple
  2345 | Temple   | Became a worshipper of Warmaster Okawaru
  2411 | D:4      | Noticed a +0 dagger
  2413 | D:4      | Found a hide-covered altar of Uskayaw.
  2413 | D:4      | Noticed a +0 dagger
  2433 | D:4      | Reached XP level 6. HP: 56/56 MP: 5/5
  2595 | D:4      | Reached skill level 6 in Axes
  2659 | D:4      | Reached * piety under Okawaru
  2664 | D:4      | Noticed Grinder
  2680 | D:4      | Paralysed by Grinder for 2 turns
  2708 | D:4      | Paralysed by Grinder for 3 turns
  2718 | D:4      | Killed Grinder
  2718 | D:4      | Reached ** piety under Okawaru
  2719 | D:4      | Reached skill level 7 in Axes
  2719 | D:4      | Reached XP level 7. HP: 61/63 MP: 6/6
  2829 | D:5      | Entered Level 5 of the Dungeon
  3012 | D:5      | Noticed a steam dragon
  3026 | D:5      | Killed a steam dragon
  3027 | D:5      | Reached skill level 8 in Axes
  3228 | D:5      | Reached *** piety under Okawaru
  3229 | D:5      | Reached XP level 8. HP: 71/71 MP: 7/7
  4035 | D:6      | Found a runed translucent gate.
  4036 | D:6      | Found a runed translucent gate.
  4036 | D:6      | Found a runed translucent gate.
  4039 | D:6      | Noticed hawkwood's ghost (novice DgAr)
  4148 | D:6      | Noticed Edmund
  4161 | D:6      | Killed Edmund
  4162 | D:6      | Reached skill level 9 in Axes
  4162 | D:6      | Reached skill level 5 in Armour
  4465 | D:6      | Noticed Menkaure
  4478 | D:6      | Killed Menkaure
  4923 | D:6      | Noticed Maggie
  4923 | D:6      | Noticed Prince Ribbit
  4941 | D:6      | Killed Maggie
  4942 | D:6      | Reached skill level 10 in Axes
  4943 | D:6      | Killed Prince Ribbit
  4943 | D:6      | Reached **** piety under Okawaru
  4943 | D:6      | Received a gift from Okawaru
  4944 | D:6      | Reached XP level 9. HP: 30/81 MP: 5/8
  5721 | D:7      | Reached skill level 11 in Axes
  5853 | D:7      | Received a gift from Okawaru
  6238 | D:7      | Reached skill level 12 in Axes
  6758 | D:7      | Reached ***** piety under Okawaru
  6941 | D:8      | Received a gift from Okawaru
  7084 | D:8      | Reached XP level 10. HP: 83/90 MP: 9/9
  7208 | D:8      | Reached skill level 1 in Invocations
  7401 | D:8      | Noticed Maurice
  7406 | D:8      | Paralysed by Maurice for 2 turns
  7409 | D:8      | Killed Maurice
  7499 | D:8      | Reached skill level 13 in Axes
  7593 | D:8      | Noticed a two-headed ogre
  7602 | D:8      | Killed a two-headed ogre
  7602 | D:8      | Received a gift from Okawaru
  7603 | D:8      | Reached skill level 10 in Fighting
  7644 | D:8      | Reached skill level 14 in Axes
  7861 | D:8      | Found a staircase to the Lair.
  8459 | D:6      | Killed hawkwood's ghost
  8459 | D:6      | Received a gift from Okawaru
  8460 | D:6      | Reached XP level 11. HP: 91/101 MP: 6/13
  8589 | Lair:1   | Entered Level 1 of the Lair of Beasts
  8863 | Lair:1   | Reached skill level 5 in Invocations
  8865 | Lair:1   | Reached skill level 15 in Axes
  8867 | Lair:1   | Identified the +0 hat "Cuigresu" {Harm rC- rCorr} (Okawaru
                  | gifted it to you on level 1 of the Lair of Beasts)
  8867 | Lair:1   | Received a gift from Okawaru
  9441 | Lair:1   | Noticed a death yak
  9441 | Lair:1   | Noticed a death yak
  9441 | Lair:1   | Noticed a death yak
  9441 | Lair:1   | Noticed a death yak
  9441 | Lair:1   | Noticed a death yak
  9454 | Lair:1   | Killed a death yak
  9463 | Lair:1   | Killed a death yak
  9470 | Lair:1   | Killed a death yak
  9472 | Lair:1   | Killed a death yak
  9474 | Lair:1   | Killed a death yak
  9537 | Lair:1   | Reached ****** piety under Okawaru
  9545 | Lair:1   | Reached skill level 16 in Axes
  9764 | Lair:1   | Noticed an oklob plant
  9774 | Lair:1   | Killed an oklob plant
 10042 | Lair:1   | Received a gift from Okawaru
 10128 | Lair:1   | Reached skill level 5 in Throwing
 10497 | Lair:2   | Reached XP level 12. HP: 111/112 MP: 15/15
 10722 | Lair:2   | Noticed a death yak
 10722 | Lair:2   | Noticed a death yak
 10724 | Lair:2   | Noticed a death yak
 10725 | Lair:2   | Noticed a death yak
 10729 | Lair:2   | Killed a death yak
 10737 | Lair:2   | Killed a death yak
 10742 | Lair:2   | Killed a death yak
 10742 | Lair:2   | Received a gift from Okawaru
 10746 | Lair:2   | Killed a death yak
 11033 | Lair:2   | Found a hole to the Spider Nest.
 11579 | Lair:3   | Reached skill level 17 in Axes
 11592 | Lair:3   | Found the +8 whip "Snakebite" {venom, curare, rPois}
 11644 | Lair:3   | Found a staircase to the Swamp.
 11747 | Lair:3   | Noticed a five-headed hydra
 11755 | Lair:3   | Killed a one-headed hydra
 11756 | Lair:3   | Reached skill level 5 in Shields
 11882 | Lair:3   | Found a dark tunnel.
 11892 | Volcano  | Entered a volcano
 11984 | Volcano  | Noticed a stone giant
 11994 | Volcano  | Killed a stone giant
 11995 | Volcano  | Reached XP level 13. HP: 37/122 MP: 15/18
 12420 | Lair:3   | You fall into a shaft and drop 1 floor!
 12438 | Lair:4   | Reached skill level 18 in Axes
 12610 | Lair:4   | Received a gift from Okawaru
 12946 | Lair:3   | Received a gift from Okawaru
 14484 | Lair:5   | Entered Level 5 of the Lair of Beasts
 14503 | Lair:5   | Reached skill level 19 in Axes
 14556 | Lair:5   | Found a viscous altar of Jiyva.
 14556 | Lair:5   | Found a staircase to the Slime Pits.
 14982 | Lair:5   | Received a gift from Okawaru
 15029 | Lair:5   | Found a white marble altar of Elyvilon.
 15035 | Lair:5   | Reached XP level 14. HP: 117/133 MP: 20/20
 15401 | Lair:5   | Reached skill level 1 in Dodging
 15415 | Lair:5   | Reached skill level 1 in Evocations
 15734 | Lair:5   | Found a large runed translucent door.
 15734 | Lair:5   | Found a large runed translucent door.
 15774 | Lair:5   | Identified the +3 hand axe of Plunder {flame, rElec Stlth+}
                  | (Okawaru gifted it to you on level 5 of the Lair of Beasts)
 15774 | Lair:5   | Received a gift from Okawaru
 17330 | D:9      | Found a staircase to the Orcish Mines.
 17334 | D:9      | Reached skill level 10 in Invocations
 17692 | Orc:1    | Entered Level 1 of the Orcish Mines
 17702 | Orc:1    | Noticed Erolcha
 17727 | Orc:1    | Killed Erolcha
 18001 | Orc:2    | Entered Level 2 of the Orcish Mines
 18287 | Orc:2    | Noticed an orc warlord
 18300 | Orc:2    | Killed an orc warlord
 18301 | Orc:2    | Identified the +1 pair of gloves "Runtek" {+Blink rElec rC-
                  | Stlth+} (Okawaru gifted it to you on level 2 of the Orcish
                  | Mines)
 18301 | Orc:2    | Received a gift from Okawaru
 18828 | Orc:2    | Found Vudeizi's Antique Weapon Shop.
 18943 | Orc:2    | Found a staircase to the Elven Halls.
 18950 | Orc:2    | Bought an iridescent battleaxe for 483 gold pieces
 18950 | Orc:2    | Identified the +7 battleaxe "Horuvagg" {holy, *Noise Str+5
                  | Int+3} (You bought it in a shop on level 2 of the Orcish
                  | Mines)
 19014 | Orc:2    | Reached skill level 15 in Fighting
 19015 | Orc:2    | Found Zaal's Jewellery Shoppe.
 19126 | Orc:2    | Bought a ring of protection from fire for 300 gold pieces
 19251 | Orc:2    | Found Caxzuusi's General Store.
 19259 | Orc:2    | Bought 2 scrolls of enchant weapon for 210 gold pieces
 19451 | Orc:2    | Found Duogit's Antique Armour Boutique.
 20048 | Orc:1    | Found Bulac's Distillery.
 20054 | Orc:1    | Bought a potion of might for 72 gold pieces
 20377 | D:10     | Entered Level 10 of the Dungeon
 20812 | D:10     | Reached skill level 10 in Shields
 21155 | D:10     | Identified a scroll of acquirement
 21155 | D:10     | Acquired 676 gold pieces
 21370 | D:11     | Noticed Erica
 21383 | D:11     | Killed Erica
 21386 | D:11     | Reached XP level 15. HP: 140/141 MP: 21/21
 22194 | D:12     | Identified the +0 robe of the Apricot {*Slow rC+ Str+3}
                  | (Okawaru gifted it to you on level 12 of the Dungeon)
 22194 | D:12     | Received a gift from Okawaru
 22313 | D:12     | Identified the +1 ring mail "Zipremi" {Int+5}
 22896 | D:13     | Reached skill level 5 in Dodging
 24123 | Spider:1 | Entered Level 1 of the Spider Nest
 24255 | Spider:1 | Reached skill level 10 in Armour
 24865 | Spider:1 | Identified the +0 hat "Pedorph" {Rampage rElec Dex+3}
                  | (Okawaru gifted it to you on level 1 of the Spider Nest)
 24865 | Spider:1 | Received a gift from Okawaru
 26002 | Spider:2 | Reached skill level 5 in Evocations
 26028 | Spider:2 | Noticed an emperor scorpion
 26036 | Spider:2 | Noticed Arachne
 26077 | Spider:2 | Killed an emperor scorpion
 26105 | Spider:2 | Killed Arachne
 26814 | Spider:2 | HP: 6/141 [demonic crawler[a torpor snail] (10)]
 26815 | Spider:2 | Slain by a torpor snail

Illustrated notes

Levels and vault maps discovered:
D:1:      sevenhm_arrival_forest_fort_small_6, layout_loops_ring,
          basic_ecumenical_altar, minmay_tromino_v2
D:2:      layout_loops_corners
D:3:      layout_loops_ring, serial_shops, nicolae_shop_mannequins,
          minmay_misc_feat_diagonals
D:4:      layout_basic, dancing_weapons_uskayaw,
          minmay_temple_entry_proselytizer, serial_undead, serial_undead_a,
          serial_undead_a, serial_undead_f, serial_undead_c, serial_undead_b,
          serial_undead_c, uniq_grinder
D:5:      layout_basic
D:6:      layout_loops_corners, gammafunk_ghost_split, dk_rats_in_the_wall,
          uniq_edmund, uniq_maggie, uniq_prince_ribbit1, uniq_menkaure
D:7:      layout_loops_ring
D:8:      layout_loops_corners, hellmonk_lair_entry_icy, eino_jars, uniq_maurice
D:9:      layout_rooms, david_orc_3, serial_co_window_serial, co_window_paths_a,
          co_window_corner_a, co_window_paths_b, co_window_corner_a,
          co_window_paths_a, co_window_of_opportunity_b, co_window_paths_c,
          co_window_broadway_c, co_window_sun, co_window_paths_d,
          glass_columns_a, glass_columns_a, glass_columns_c, glass_columns_a
D:10:     layout_irregular_city, grunt_tough_drop
D:11:     layout_rooms, uniq_erica
D:12:     layout_grid_maze, minmay_puff
D:13:     layout_basic
Temple:   compressed_dpeg_triangle_lava_temple
Lair:1:   hellmonk_ruined_rings, layout_cave_pods, st_stairs_13,
          chequers_serial_rivers_micro_d
Lair:2:   layout_regular_city, spider_nest_entry_webs, minmay_holes,
          infiniplex_staircase_pool
Lair:3:   minmay_guarded_unrand_snakebite, layout_layer_cave, swamp_mist,
          enter_volcano_3, grunt_megastairs_1
Lair:4:   layout_small_grid, pond
Lair:5:   cheibrodos_lair_end_hotspot, layout_regular_city, slime_entry_1,
          basic_altar
Spider:1: layout_spider_delve, hangedman_spider_tarantella_strand
Spider:2: layout_cave_pods, uniq_arachne
Orc:1:    layout_caves, basic_altar, serial_shops, shop, uniq_erolcha
Orc:2:    grunt_orc_gardens, layout_caves, grunt_orc_garden, grunt_orc_garden,
          grunt_orc_garden, grunt_orc_garden, guppyfry_library_mini

Skill      XL: |  1  2  3  4  5  6  7  8  9 10 11 12 13 14 15 |
---------------+----------------------------------------------+-----
Axes           | 3 4 5 7 8 10 12 14 16 17 19 | 19.4
Fighting       | 4 5 6 8 9 10 12 13 14 15 16 | 16.0
Throwing       | 1 2 3 5 7 8 |  8.4
Armour         | 4 6 8 9 10 | 10.6
Invocations    | 4 6 8 9 10 11 | 11.3
Shields        | 6 8 10 11 | 11.2
Dodging        | 4 6 |  6.4
Evocations     | 3 5 |  5.3

Action                     |  1- 3 |  4- 6 |  7- 9 | 10-12 | 13-15 || total
---------------------------+-------+-------+-------+-------+-------++-------
  Melee: War axe           |    93 |    78 |    78 |       |       ||   249
         Headbutt          |    10 |    19 |    42 |    65 |   198 ||   334
         Broad axe         |       |       |   146 |   165 |   961 ||  1272
         Executioner's axe |       |       |       |   153 |       ||   153
  Throw: Javelin           |    13 |    29 |    70 |    62 |    33 ||   207
         Dart              |       |     5 |       |       |    25 ||    30
         Boomerang         |       |       |       |       |    93 ||    93
 Invoke: Heroism           |       |       |     2 |     7 |    12 ||    21
         Finesse           |       |       |       |     3 |     4 ||     7
Ability: Evoke Blink       |       |       |       |       |     1 ||     1
    Use: Potion            |       |       |     2 |       |     4 ||     6
         Scroll            |       |       |    13 |     5 |    19 ||    37
   Stab: Distracted        |       |       |       |       |     1 ||     1
 Armour: Scale mail        |    42 |    37 |     9 |       |       ||    88
         Chain mail        |       |       |    93 |   154 |   249 ||   496
         Robe              |       |       |       |     6 |       ||     6
         Ring mail         |       |       |       |       |    15 ||    15
  Dodge: Dodged            |    40 |    42 |    67 |   119 |   245 ||   513
  Block: Buckler           |    21 |     7 |    45 |    13 |       ||    86
         Kite shield       |       |       |       |    81 |   772 ||   853
         Reflection        |       |       |       |     1 |    53 ||    54
